Map: 匹昂台地

Players

aruodelon

  • Race: Terran Terran
  • League: Gold

Quail - Winner!

  • Race: Protoss Protoss
  • League: Diamond

VOD

Have the link to the VOD?

Description

Time

  • Played on: Dec. 5, 2015, 3:20 a.m.
  • Length: 11:56
Show
View Real Time Build Order
Export as new Build Order

aruodelon Terran 

Build Orders: Reaper Expand, MMM Bio 

Get SALT Encoding   

  12  0:00  SCV  
  13  0:13  SCV  
  14  0:18  Supply Depot  
  14  0:25  SCV  
  15  0:40  SCV  
  15  0:41  Barracks  
  16  0:45  Refinery  
  16  0:52  SCV  
  17  1:04  SCV  
  18  1:16  SCV  
  19  1:28  Orbital Command  
  19  1:30  Reaper  
  20  1:41  Command Center  
  20  1:54  SCV  
  20  2:00  Supply Depot  
  21  2:02  Refinery  
  21  2:03  Barracks Reactor  
  21  2:06  SCV  
  22  2:18  SCV  
  23  2:27  Factory  
  23  2:31  SCV  
  23  2:35  Barracks  
  24  2:39  Marine  
  24  2:40  Marine  
  24  2:43  SCV  
  27  2:55  SCV  
  27  2:57  Marine x2, Orbital Command  
  30  3:06  Bunker  
  30  3:08  SCV  
  30  3:11  Factory Tech Lab  
  31  3:16  Starport  
  30  3:20  SCV  
  30  3:25  Barracks Tech Lab  
  31  3:29  SCV  
  31  3:33  SCV  
  33  3:34  Marine x2  
  35  3:42  SCV  
  35  3:45  SCV  
  37  3:49  Cyclone  
  37  3:54  SCV  
  41  3:59  SCV  
  41  4:00  Supply Depot  
  42  4:02  Engineering Bay  
  42  4:06  Refinery  
  42  4:07  Stimpack  
  42  4:12  SCV x2  
  44  4:24  Supply Depot  
  44  4:29  SCV  
  44  4:33  SCV  
  45  4:41  SCV  
  46  4:45  SCV  
  46  4:46  Supply Depot  
  46  4:48  Factory Reactor, Starport Reactor  
  47  4:53  SCV, Barracks  
  47  4:54  Barracks  
  47  4:58  SCV, Barracks  
  49  5:05  SCV, Refinery  
  49  5:06  Missile Turret  
  50  5:07  Terran Infantry Weapons Level 1  
  50  5:10  SCV  
  50  5:12  Missile Turret  
  51  5:17  SCV  
  51  5:19  Marauder, Marine x2  
  56  5:23  SCV  
  57  5:29  SCV  
  57  5:33  Widow Mine x2  
  62  5:38  Medivac x2  
  62  5:40  SCV  
  67  5:43  Supply Depot  
  67  5:44  Supply Depot  
  67  5:45  Barracks Reactor  
  67  5:46  Combat Shields, Barracks Tech Lab  
  67  5:59  Command Center  
  67  6:03  Marauder  
  67  6:04  Marine  
  70  6:05  Marauder  
  70  6:07  Concussive Shells  
  70  6:10  Supply Depot  
  72  6:17  Supply Depot  
  72  6:22  Marauder, Marine x2  
  72  6:25  Marauder  
  78  6:26  Medivac x2  
  78  6:29  Marauder  
  78  6:31  SCV  
  85  6:38  Widow Mine x2  
  85  6:39  Supply Depot  
  89  6:42  Supply Depot, Marine x2  
  91  6:54  Marauder x2, Marine x2  
  91  6:55  Marauder  
  91  6:58  SCV  
  100  7:02  Terran Infantry Armor Level 1  
  100  7:16  Marauder x3  
  100  7:17  SCV x2  
  100  7:22  Engineering Bay  
  108  7:25  Armory  
  103  7:31  Marine  
  103  7:32  Marine  
  92  7:37  Marine, Marauder x3  
  90  7:48  Marine  
  75  7:55  SCV x2  
  75  7:56  Orbital Command  
  75  7:59  Marauder x2  
  79  8:09  Marauder, Marine x2  
  79  8:10  Supply Depot, Widow Mine  
  85  8:13  SCV  
  85  8:14  SCV  
  87  8:20  Marauder  
  87  8:26  Marauder, Marine x2  
  94  8:27  SCV x2  
  94  8:30  Refinery, Marauder  
  94  8:31  Missile Turret  
  94  8:32  Refinery  
  97  8:34  Terran Infantry Weapons Level 2  
  97  8:36  Terran Vehicle Weapons Level 1  
  97  8:41  SCV x3  
  100  8:55  Marauder, Marine x2  
  104  8:56  Marauder, Marine x2  
  108  9:05  Marauder  
  110  9:13  Marine x3  
  110  9:14  Barracks x2, Marine  
  110  9:16  Barracks  
  118  9:17  Marauder x2  
  118  9:22  Missile Turret  
  116  9:26  Marauder  
  116  9:31  Marine x2  
  122  9:38  Marauder x2  
  122  9:41  Marine x2  
  122  9:42  Widow Mine x2  
  128  9:47  Supply Depot, Marauder  
  130  9:57  Command Center  
  134  10:00  Marauder x2  
  132  10:07  Marine x2  
  132  10:09  Marauder  
  132  10:10  Supply Depot  
  132  10:13  Medivac x2  
  130  10:20  Marine  
  114  10:21  Marauder x2  
  114  10:25  Marine  
  80  10:30  Marauder  
  70  10:42  Marauder  
  70  10:43  Medivac, Marauder  
  70  10:49  Barracks Tech Lab  
  69  10:51  Marauder, Marine  
  69  10:56  Marine  
  73  11:04  Marauder x2  
  77  11:07  Widow Mine, Marine  
  68  11:12  Marine  
  42  11:27  Marine  
Show
View Real Time Build Order
Export as new Build Order

Quail Protoss - Winner!

Build Orders: 1 Gate Expand 

Get SALT Encoding   

  12  0:01  Probe (Chrono Boost)  
  13  0:12  Probe (Chrono Boost)  
  14  0:18  Pylon  
  14  0:22  Probe (Chrono Boost)  
  15  0:36  Gateway, Probe (Chrono Boost)  
  16  0:43  Assimilator  
  16  0:47  Probe (Chrono Boost)  
  17  0:57  Probe (Chrono Boost)  
  19  1:18  Nexus  
  18  1:28  Cybernetics Core  
  18  1:32  Probe (Chrono Boost)  
  19  1:42  Probe (Chrono Boost)  
  20  1:50  Pylon  
  20  1:53  Probe (Chrono Boost)  
  21  2:03  Probe (Chrono Boost)  
  22  2:13  Adept  
  22  2:14  Mothership Core (Chrono Boost)  
  25  2:17  Assimilator  
  25  2:20  Warp Gate  
  25  2:31  Probe (Chrono Boost)  
  25  2:33  Probe (Chrono Boost)  
  27  2:40  Adept  
  27  2:41  Probe (Chrono Boost)  
  27  2:43  Probe (Chrono Boost)  
  31  2:52  Probe (Chrono Boost)  
  31  2:54  Probe (Chrono Boost)  
  33  3:01  Pylon  
  33  3:02  Probe (Chrono Boost)  
  33  3:04  Probe (Chrono Boost)  
  35  3:13  Probe (Chrono Boost), Robotics Facility  
  35  3:15  Probe (Chrono Boost)  
  37  3:24  Probe (Chrono Boost)  
  37  3:26  Probe (Chrono Boost)  
  39  3:31  Gateway  
  40  3:34  Probe (Chrono Boost)  
  40  3:36  Probe (Chrono Boost)  
  41  3:47  Probe x2 (Chrono Boost)  
  43  3:51  Stalker  
  43  3:55  Gateway  
  45  3:58  Gateway, Probe (Chrono Boost)  
  45  4:02  Twilight Council  
  46  4:03  Probe (Chrono Boost)  
  46  4:04  Observer  
  48  4:16  Probe (Chrono Boost)  
  48  4:17  Probe (Chrono Boost)  
  50  4:27  Probe (Chrono Boost)  
  51  4:39  Probe (Chrono Boost)  
  51  4:44  Gateway, Resonating Glaives  
  50  4:54  Adept x2  
  50  4:55  Nexus  
  50  4:57  Pylon  
  50  4:58  Pylon  
  54  5:01  Pylon  
  54  5:04  Pylon  
  54  5:05  Assimilator  
  54  5:11  Assimilator  
  54  5:15  Immortal (Chrono Boost), Probe x2 (Chrono Boost)  
  54  5:16  Stalker  
  54  5:18  Pylon  
  62  5:21  Gateway  
  62  5:39  Stalker x3  
  68  5:43  Pylon  
  68  5:50  Adept x2  
  68  5:52  Warp Prism (Chrono Boost)  
  68  5:55  Templar Archives  
  74  5:59  Probe  
  74  6:00  Probe  
  76  6:05  Gateway  
  76  6:12  Probe  
  77  6:18  Probe, Forge  
  77  6:19  Probe  
  77  6:22  Blink (Chrono Boost)  
  77  6:24  Probe, Observer (Chrono Boost)  
  81  6:29  Probe, Pylon  
  81  6:32  Adept  
  84  6:40  Psionic Storm  
  84  6:42  High Templar  
  84  6:44  Adept  
  84  6:45  Adept  
  90  6:51  Forge  
  90  6:52  Protoss Ground Weapons Level 1 (Chrono Boost)  
  90  6:59  Photon Cannon  
  90  7:01  Photon Cannon  
  90  7:05  Adept x2  
  90  7:06  Adept  
  96  7:11  Adept  
  96  7:19  Adept x3  
  102  7:29  Immortal (Chrono Boost)  
  104  7:42  Adept x4  
  104  7:43  Adept x2  
  98  8:02  Gateway, Warp Prism (Chrono Boost), Probe x2  
  98  8:03  Probe  
  103  8:06  Gateway  
  103  8:08  Pylon  
  103  8:09  Protoss Ground Armor Level 1 (Chrono Boost)  
  103  8:10  Assimilator  
  103  8:13  Adept x5  
  103  8:15  Probe, Assimilator  
  103  8:16  High Templar  
  116  8:22  Gateway  
  116  8:25  Gateway  
  116  8:31  Pylon  
  116  8:36  Photon Cannon  
  116  8:38  Photon Cannon  
  116  8:42  High Templar x2  
  116  8:44  Warp Prism  
  116  8:46  Adept  
  116  8:47  Adept x2  
  128  8:55  Adept  
  128  9:00  Adept  
  132  9:07  Stargate  
  132  9:08  Stargate  
  127  9:12  Photon Cannon  
  127  9:16  Adept x3  
  127  9:17  Adept  
  131  9:22  Adept  
  131  9:23  Adept  
  133  9:32  Photon Cannon  
  133  9:33  Probe  
  133  9:34  Probe  
  133  9:47  High Templar  
  133  9:52  Adept, Protoss Ground Weapons Level 2 (Chrono Boost)  
  135  9:53  Adept x2  
  141  10:00  Pylon  
  141  10:04  Pylon  
  132  10:25  Adept x4  
  132  10:26  Adept x4  
  136  10:29  Archon  
  126  10:38  High Templar x2  
  130  10:49  Stalker x5  
  140  11:01  Observer  
  111  11:22  Observer  
  111  11:25  Stalker x6  
  118  11:26  Stalker x2  
  118  11:30  Archon  
  114  11:41  Adept x2  
  110  11:54  Adept x2  
Tags
 
Add a new tag
Caveats
  • Supply blocks, unpowered buildings, or Contaminate may cause inaccurate times.
  • Supply counts are checked every 10 seconds.